 Dungeon Crawl Stone Soup version 0.21-a0-358-g8928369 (webtiles) character file.

11605 Dfrag the Destroyer (level 11, -2/68 HPs)
             Began as a Demonspawn Fire Elementalist on Oct 12, 2017.
             Was a Priest of Vehumet.
             Slain by a wyvern (3 damage)
             ... on level 11 of the Dungeon.
             The game lasted 00:17:38 (11973 turns).

Dfrag the Destroyer (Demonspawn Fire Elementalist) Turns: 11973, Time: 00:17:39

Health: -2/68      AC:  4    Str: 15    XL:     11   Next: 51%
Magic:  1/25       EV: 12    Int: 19    God:    Vehumet [***...]
Gold:   512        SH:  0    Dex: 14    Spells: 17/30 levels left

rFire    . . .     SeeInvis .   f - +1 dagger (venom)
rCold    + . .     Gourm    .   (no shield)
rNeg     + + .     Faith    .   v - +1 robe of Osozifru {rPois rN++ Str+6}
rPois    +         Spirit   .   (helmet restricted)
rElec    .         Reflect  .   G - +0 cloak
rCorr    .         Harm     .   (no gloves)
MR       .....                  (no boots)
Stlth    ++++......             (no amulet)
HPRegen  0.21/turn              Q - ring of wizardry
MPRegen  0.19/turn              Z - +3 ring of slaying

@: barbed spikes
A: antennae 2, claws 1, talons 1, cold resistance 1, demonic guardian 1,
nightstalker 2, wild magic 1, sturdy frame 1
a: Renounce Religion


You were on level 11 of the Dungeon.
You worshipped Vehumet.
Vehumet was most pleased with you.
You were not hungry.

You visited 1 branch of the dungeon, and saw 11 of its levels.

You collected 512 gold pieces.

Inventory:

Hand Weapons
 f - a +1 dagger of venom (weapon)
Armour
 v - the +1 robe of Osozifru (worn) {rPois rN++ Str+6}
   (You found it on level 5 of the Dungeon)

   It affects your strength (+6).
   It protects you from poison.
   It greatly protects you from negative energy.
 G - a +0 cloak (worn)
Jewellery
 k - an uncursed ring of stealth
 Q - a ring of wizardry (left claw)
 Z - a +3 ring of slaying (right claw)
Wands
 t - a wand of acid (9/15)
 u - a wand of iceblast (6/15)
Scrolls
 a - a scroll of enchant weapon {unknown}
 d - 6 scrolls of remove curse
 i - 2 scrolls of immolation {unknown}
 m - 3 scrolls of amnesia
 q - a scroll of enchant armour
 r - 4 scrolls of teleportation
 y - a scroll of magic mapping {unknown}
 z - 4 scrolls of identify
 D - 2 scrolls of blinking {unknown}
 J - 3 scrolls of vulnerability {unknown}
 K - a scroll of recharging {unknown}
 Y - a scroll of fear {unknown}
Potions
 g - a potion of brilliance {unknown}
 s - a potion of might {unknown}
 w - 4 potions of curing
 x - 4 potions of lignification {unknown}
 B - 4 potions of degeneration {unknown}
 C - 2 potions of ambrosia {unknown}
 F - 2 potions of haste
 N - 2 potions of flight
 R - 2 potions of agility {unknown}
 S - 2 potions of cancellation {unknown}
Books
 L - a book of Callings

   Spells                             Type                      Level
   a - Summon Small Mammal            Summoning                    1
   b - Call Imp                       Summoning                    2
   c - Call Canine Familiar           Summoning                    3
   d - Summon Guardian Golem          Hexes/Summoning              3
   e - Summon Lightning Spire         Summoning/Air                4
   f - Summon Ice Beast               Ice/Summoning                4
 M - a book of Cantrips

   Spells                             Type                      Level
   a - Confusing Touch                Hexes                        1
   b - Animate Skeleton               Necromancy                   1
   c - Summon Small Mammal            Summoning                    1
   d - Apportation                    Translocation                1
 V - a book of Transfigurations

   Spells                             Type                      Level
   a - Irradiate                      Conjuration/Transmutation    5
   b - Statue Form                    Transmutation/Earth          6
   c - Hydra Form                     Transmutation                6
   d - Dragon Form                    Transmutation                7
Comestibles
 b - 3 chunks of flesh
 c - 10 bread rations
 h - 18 royal jellies
 H - 3 meat rations


   Skills:
 - Level 1.7 Dodging
 - Level 1.7 Stealth
 + Level 10.0 Spellcasting
 + Level 10.7 Conjurations
 + Level 10.2 Fire Magic


You had 17 spell levels left.
You knew the following spells:

 Your Spells              Type           Power        Failure   Level  Hunger
a - Flame Tongue          Conj/Fire      #####        1%          1    None
b - Conjure Flame         Conj/Fire      ######..     1%          3    None
c - Sticky Flame          Conj/Fire      ######..     1%          4    ##.....
d - Fireball              Conj/Fire      ######....   1%          5    #####..


Dungeon Overview and Level Annotations

Branches:
Dungeon (11/15)            Temple (0/1) D:7            Lair (0/6) D:10
    Orc: D:9-12

Altars:
Ashenzari
Fedhas
Gozag
Makhleb
Nemelex Xobeh
Okawaru
Ru
Uskayaw
Vehumet
Xom
Zin

Annotations:
D:4 exclusion: statue
D:6 exclusion: oklob plant


Innate Abilities, Weirdness & Mutations

You have a pair of antennae on your head.
A weak demonic guardian rushes to your aid.
You are significantly more attuned to the shadows.
Your movements are slightly less encumbered by armour. (ER -2)
You have sharp fingernails.
You have sharp toenails.
Your flesh is cold resistant. (rC+)
Your spells are a little harder to cast, but a little more powerful.


Message History

The barbs in your skin will harm you if you move.
Continue?
Okay, then.
Unknown command.
You start resting.
Eating one of 4 chunks of flesh.
You eat one of the 4 chunks of flesh.
This raw flesh tastes terrible.
A wyvern comes into view.
The wyvern bites your shadow imp!!
Your shadow imp dies!
Casting: Fireball
Confirm with . or Enter, or press ? or * to list all spells.
Aiming: Sticky Flame
Press: ? - help, Shift-Dir - straight line, f - wyvern
Aim: a wyvern The sticky flame hits the wyvern.
The wyvern is moderately wounded.
The wyvern is covered in liquid flames!
The wyvern burns!
The wyvern bites you!!
* * * LOW HITPOINT WARNING * * *
The wyvern bites you.
You die...

#...###############§####
#.......#....[.).5......
#.......#...............
#.......#...............
#...##'##...............
##+##...################
#)).# ... #.))# ...
#..@# ... ##.l# #####
†...> #.... ......$#
#.... .......+ #....
......># #....
########## #....#....
#....#....


You could see a wyvern (burning).

Vanquished Creatures
  2 two-headed ogres
  Pikel (D:7)
  A manticore (D:11)
  The ghost of nel the Carver, a novice HuSk of Hepliaklqana (D:6)
  A centaur zombie (D:10)
  Joseph (D:8)
  A queen bee (D:9)
  3 trolls
  A hippogriff (D:9)
  Sigmund (D:5)
  2 wyverns
  A yak (D:7)
  A human (D:7)
  A hog (D:7)
  Menkaure (D:4)
  A soldier ant (D:10)
  2 water moccasins (D:10)
  4 ice beasts
  An orc warrior (D:7)
  2 ogres
  10 centaurs
  Blork the orc (D:5)
  4 bullfrogs
  A wyvern zombie (D:10)
  4 scorpions
  Dowan (D:5)
  30 killer bees
  A howler monkey (D:4)
  A bullfrog zombie (D:11)
  3 crimson imps
  2 jellies
  A centaur skeleton (D:8)
  7 orc wizards
  2 quasits
  3 orc priests
  2 hounds
  Jessica (D:2)
  Natasha (twice) (D:3)
  3 worker ants
  A hound zombie (D:6)
  A hound skeleton (D:11)
  9 adders
  2 shadow imps
  An ooze (D:3)
  An adder skeleton (D:4)
  2 worms (D:4)
  3 dart slugs
  6 leopard geckos
  30 orcs
  5 giant cockroaches
  5 goblins
  8 hobgoblins
  10 jackals
  5 quokkas
  A ball python (D:4)
  7 bats
  A frilled lizard (D:3)
  10 kobolds
  A leopard gecko skeleton (D:4)
  A quokka zombie (D:6)
  2 rats
220 creatures vanquished.

Vanquished Creatures (collateral kills)
  2 two-headed ogres
  An ugly thing (D:11)
  Prince Ribbit (D:8)
  2 hogs (D:7)
  An orc warrior (D:10)
  An ogre (D:5)
  2 killer bees (D:9)
  2 crimson imps
  A leopard gecko skeleton (D:9)
13 creatures vanquished.

Vanquished Creatures (others)
  2 slaves (D:7)
2 creatures vanquished.

Grand Total: 235 creatures vanquished

Notes
Turn   | Place    | Note
-------+----------+-------------------------------------------
     0 | D:1      | Dfrag the Demonspawn Fire Elementalist began the quest for the Orb.
     0 | D:1      | Reached XP level 1. HP: 13/13 MP: 3/3
   292 | D:1      | Gained mutation: You have a pair of small antennae on your head. [demonic ancestry]
   292 | D:1      | Reached XP level 2. HP: 15/19 MP: 3/5
   683 | D:2      | Noticed Jessica
   684 | D:2      | Found a faded altar of an unknown god.
   687 | D:2      | Killed Jessica
   687 | D:2      | Reached XP level 3. HP: 12/24 MP: 3/6
  1060 | D:2      | Found a burning altar of Makhleb.
  1291 | D:3      | Gained mutation: Your movements are slightly less encumbered by armour. (ER -2) [demonic ancestry]
  1291 | D:3      | Reached XP level 4. HP: 28/30 MP: 4/8
  1636 | D:3      | Noticed Natasha
  1642 | D:3      | Killed Natasha
  1679 | D:3      | Gained mutation: You are slightly more attuned to the shadows. [demonic ancestry]
  1679 | D:3      | Reached XP level 5. HP: 34/35 MP: 4/9
  1942 | D:3      | Noticed Natasha
  1946 | D:3      | Killed Natasha
  2246 | D:4      | Found a sacrificial altar of Ru.
  2513 | D:4      | Gained mutation: You are significantly more attuned to the shadows. [demonic ancestry]
  2513 | D:4      | Reached XP level 6. HP: 8/41 MP: 6/11
  2911 | D:4      | Learned a level 4 spell: Sticky Flame
  2948 | D:4      | Found a shattered altar of Ashenzari.
  2958 | D:4      | Found a glowing silver altar of Zin.
  2961 | D:4      | Found an opulent altar of Gozag.
  2963 | D:4      | Found a hide-covered altar of Uskayaw.
  2970 | D:4      | Found a faded altar of an unknown god.
  3097 | D:4      | Noticed Menkaure
  3165 | D:4      | Killed Menkaure
  3170 | D:4      | Learned a level 3 spell: Conjure Flame
  3258 | D:4      | Found a radiant altar of Vehumet.
  3311 | D:4      | Became a worshipper of Vehumet
  3686 | D:4      | Reached XP level 7. HP: 14/46 MP: 4/13
  3889 | D:5      | Entered Level 5 of the Dungeon
  3893 | D:5      | Reached skill level 5 in Fire Magic
  3971 | D:5      | Noticed Sigmund
  4210 | D:5      | Killed Sigmund
  4210 | D:5      | Reached skill level 5 in Spellcasting
  4210 | D:5      | Reached skill level 5 in Conjurations
  4427 | D:5      | Found a shimmering altar of Xom.
  4754 | D:5      | Noticed Blork the orc
  4762 | D:5      | Killed Blork the orc
  4762 | D:5      | Gained mutation: A weak demonic guardian rushes to your aid. [demonic ancestry]
  4762 | D:5      | Reached XP level 8. HP: 41/52 MP: 10/15
  5290 | D:5      | Noticed a two-headed ogre
  5302 | D:5      | Killed a two-headed ogre
  5411 | D:5      | Noticed Dowan
  5420 | D:5      | Killed Dowan
  5691 | D:5      | Learned a level 5 spell: Fireball
  5847 | D:5      | Got a steaming robe
  5858 | D:5      | Identified the +1 robe of Osozifru {rPois rN++ Str+6} (You found it on level 5 of the Dungeon)
  5951 | D:6      | Reached XP level 9. HP: 56/57 MP: 18/18
  6277 | D:6      | Noticed nel's ghost (novice HuSk)
  6283 | D:6      | Killed nel's ghost
  6285 | D:6      | Found a blossoming altar of Fedhas.
  6294 | D:6      | Noticed an oklob plant
  7050 | D:7      | Found a sparkling altar of Nemelex Xobeh.
  7053 | D:7      | Found a sacrificial altar of Ru.
  7059 | D:7      | Found an iron altar of Okawaru.
  7103 | D:7      | Noticed Pikel
  7108 | D:7      | Killed Pikel
  7486 | D:7      | Found a staircase to the Ecumenical Temple.
  7715 | D:7      | Reached * piety under Vehumet
  7715 | D:7      | Offered knowledge of Magic Dart by Vehumet.
  7743 | D:7      | Gained mutation: You have a pair of antennae on your head. [demonic ancestry]
  7743 | D:7      | Reached XP level 10. HP: 45/63 MP: 3/21
  7983 | D:8      | Noticed a two-headed ogre
  7993 | D:8      | Killed a two-headed ogre
  8108 | D:8      | Noticed Prince Ribbit
  8114 | D:8      | Killed Prince Ribbit
  8444 | D:8      | Noticed Joseph
  8454 | D:8      | Killed Joseph
  9242 | D:9      | Reached ** piety under Vehumet
  9265 | D:9      | Offered knowledge of Sting by Vehumet.
  9939 | D:10     | Entered Level 10 of the Dungeon
 10075 | D:10     | Offered knowledge of Static Discharge by Vehumet.
 10077 | D:10     | Noticed a two-headed ogre
 10107 | D:10     | Killed a two-headed ogre
 10107 | D:10     | Reached skill level 10 in Conjurations
 10107 | D:10     | Reached XP level 11. HP: 51/68 MP: 0/24
 10328 | D:10     | Reached *** piety under Vehumet
 10794 | D:10     | Got a bloodstained hat
 10800 | D:10     | Identified the +3 hat "Poped" {rC+ Int-3 Slay+3} (You found it on level 10 of the Dungeon)
 11012 | D:10     | Found a staircase to the Lair.
 11172 | D:11     | Noticed a cyan ugly thing
 11180 | D:11     | Killed a cyan ugly thing
 11213 | D:11     | Gained mutation: You have sharp fingernails. [mutagenic meat]
 11214 | D:11     | Gained mutation: Your spells are a little harder to cast, but a little more powerful. [mutagenic meat]
 11215 | D:11     | Gained mutation: Your flesh is cold resistant. (rC+) [mutagenic meat]
 11299 | D:11     | Gained mutation: You have sharp toenails. [mutagenic meat]
 11304 | D:11     | Offered knowledge of Ignite Poison by Vehumet.
 11417 | D:11     | Reached skill level 10 in Fire Magic
 11908 | D:11     | Noticed a two-headed ogre
 11911 | D:11     | Killed a two-headed ogre
 11911 | D:11     | Reached skill level 10 in Spellcasting
 11973 | D:11     | HP: 1/68 [wyvern (20)]
 11973 | D:11     | Slain by a wyvern

Vault maps used:
D:1:      scummos_arrival_forest, minmay_misc_feat_plants,
          minmay_misc_feat_more_columns, minmay_misc_feat_alley
D:2:      nicolae_overflow_crystal_walls,
          chequers_ecumenical_altar_simple_redux, uniq_jessica
D:3:      uniq_natasha
D:4:      chequers_temple_overflow_minitemple, vehumet_statue,
          nicolae_ru_awakened_eye, uniq_menkaure
D:5:      tgw_xom, first_bread, uniq_blork_the_orc, uniq_sigmund, uniq_duvessa
D:6:      minmay_misc_feat_columns, tgw_fedhas
D:7:      grunt_temple_overflow_diamond, minmay_temple_entry_steel_oval,
          grunt_livestock, kennysheep_generic_room_16, uniq_pikel
D:8:      minmay_misc_feat_tiny, uniq_prince_ribbit1, uniq_joseph
D:9:      special_room
D:10:     lair_entry_dummy
D:11:     nrook_mini_vaults

Skill      XL: |  1  2  3  4  5  6  7  8  9 10 11 |
---------------+----------------------------------+-----
Fire Magic     | 3 4 5 6 8 9 10 | 10.2
Conjurations   | 2 3 4 5 6 8 10 | 10.7
Spellcasting   | 3 4 5 6 7 9 10 | 10.0
Dodging        | |  1.7
Stealth        | |  1.7

Action                   |  1- 3 |  4- 6 |  7- 9 | 10-12 || total
-------------------------+-------+-------+-------+-------++-------
Melee: Unarmed           |    43 |    22 |       |       ||    65
       Dagger            |       |    42 |    87 |   111 ||   240
       Whip              |       |       |    11 |    13 ||    24
       Kick              |       |       |       |     5 ||     5
 Cast: Flame Tongue      |    59 |    98 |    71 |    74 ||   302
       Sticky Flame      |       |     1 |    20 |    46 ||    67
       Fireball          |       |       |       |    29 ||    29
  Use: Potion            |       |     3 |       |       ||     3
       Scroll            |       |       |     6 |       ||     6
 Stab: Sleeping          |       |     4 |     5 |    10 ||    19
  Eat: Chunk             |     1 |     7 |    13 |    23 ||    44
       Royal jelly       |       |       |     1 |     2 ||     3
       Fruit             |       |       |       |     2 ||     2
Armor: Robe              |     9 |    14 |    18 |    29 ||    70
Dodge: Dodged            |    53 |    79 |    75 |   114 ||   321

Table legend:
 A = Spawn XP
 B = Non-spawn XP
 C = Spawn XP percentage of total XP
 D = Spawn monster count
 E = Non-spawn monster count
 F = Spawn count percentage of total count
 G = Total turns spent on level
                    A         B        C        D         E        F      G
               +---------+---------+-------+---------+---------+-------+---------
         Total |       0 |   16579 |   0.0 |       0 |     233 |   0.0 | 11973
               +---------+---------+-------+---------+---------+-------+---------
           D:1 |       0 |      28 |   0.0 |       0 |      16 |   0.0 |   683
           D:2 |       0 |      67 |   0.0 |       0 |      16 |   0.0 |   529
           D:3 |       0 |     168 |   0.0 |       0 |      24 |   0.0 |  1009
           D:4 |       0 |     599 |   0.0 |       0 |      24 |   0.0 |  1883
           D:5 |       0 |    1922 |   0.0 |       0 |      16 |   0.0 |  1780
           D:6 |       0 |     841 |   0.0 |       0 |      12 |   0.0 |   934
           D:7 |       0 |    2004 |   0.0 |       0 |      18 |   0.0 |  1037
           D:8 |       0 |    1948 |   0.0 |       0 |      14 |   0.0 |   921
           D:9 |       0 |    2644 |   0.0 |       0 |      39 |   0.0 |  1163
          D:10 |       0 |    3331 |   0.0 |       0 |      30 |   0.0 |  1141
          D:11 |       0 |    3027 |   0.0 |       0 |      24 |   0.0 |   893
               +---------+---------+-------+---------+---------+-------+---------
